 Dungeon Crawl Stone Soup version 0.28.0 (webtiles) character file.

Game seed: 16744239962466550215

3378 HallandMoats the Combatant (level 9, -4/65 (72) HPs)
             Began as a Demonspawn Fighter on Feb 12, 2022.
             Was a Follower of Okawaru.
             Slain by a gnoll sergeant (9 damage)
             ... on level 8 of the Dungeon.
             The game lasted 00:08:39 (9035 turns).

HallandMoats the Combatant (Demonspawn Fighter)     Turns: 9035, Time: 00:08:40

HP:   -4/65 (72)    AC:  9    Str: 19 (20) XL:     9   Next: 74%
MP:   0/15          EV: 13    Int:  9      God:    Okawaru [*.....]
Gold: 141           SH:  0    Dex: 12      Spells: 8/8 levels left

rFire   . . .      SeeInvis .   b - +12 glaive of Prune {vorpal}
rCold   + . .      Faith    .   (shield currently unavailable)
rNeg    . . .      Spirit   +   y - +0 steam dragon scales
rPois   .          Reflect  .   (helmet restricted)
rElec   +          Harm     .   (no cloak)
rCorr   .          Rampage  .   (no gloves)
Will    +....                   w - +0 pair of boots "Goamid" {rElec}
Stlth   +.........              (no amulet)
HPRegen 0.20/turn               (no ring)
MPRegen 0.28/turn               (no ring)

@: drained
A: antennae 1, slimy green scales 1, foul stench 2, magic shield, magic
regeneration, cold resistance 1, deterioration 1, strong-willed 1, weak 1
a: Renounce Religion, Heroism


You were on level 8 of the Dungeon.
You worshipped Okawaru.
Okawaru was aware of your devotion.
You visited 2 branches of the dungeon, and saw 9 of its levels.

You collected 361 gold pieces.
You spent 220 gold pieces at shops.

Inventory:

Hand Weapons
 a - a +0 trident
 b - the +12 glaive of Prune (weapon) {vorpal}
   (You found it on level 7 of the Dungeon)

   It inflicts extra damage upon your enemies.
   It halves damage taken while paralysed, petrified or unconscious.
Missiles
 j - a throwing net (quivered)
Armour
 o - the +3 buckler of Zewutal {rPois Dex+2}
   (You found it on level 2 of the Dungeon)

   Dex:       It affects your dexterity (+2).
   rPois:     It protects you from poison.
 w - the +0 pair of boots "Goamid" (worn) {rElec}
   (You found it on level 6 of the Dungeon)

   rElec:     It insulates you from electricity.
 y - +0 steam dragon scales (worn)
Jewellery
 g - a ring of ice
 h - a ring of wizardry
Wands
 u - a wand of flame (15)
Scrolls
 c - 9 scrolls of identify
 e - a scroll of immolation
 f - a scroll of fear {unknown}
 i - 3 scrolls of teleportation
 l - 3 scrolls of amnesia
 p - a scroll of magic mapping
 t - a scroll of silence
Potions
 d - 2 potions of flight
 k - a potion of brilliance {unknown}
 m - 3 potions of curing
 n - 2 potions of magic
 q - a potion of degeneration {unknown}
 r - 2 potions of lignification {unknown}
 s - 3 potions of heal wounds {unknown}
 v - a potion of haste {unknown}
 x - 2 potions of ambrosia {unknown}
 z - a potion of berserk rage


   Skills:
 * Level 7.1 Fighting
 * Level 6.2 Polearms
 + Level 4.9 Armour
 + Level 4.0 Dodging
 + Level 5.0 Shields
 * Level 8.5 Invocations


You had 8 spell levels left.
You didn't know any spells.
Your spell library contained the following spells:

 Spells                   Type           Power      Damage    Failure   Level
 Sandblast                Erth           0%         2d4       38%         1
 Blink                    Tloc           0%         N/A       52%         2
 Passwall                 Tmut/Erth      0%         N/A       52%         2
 Sublimation of Blood     Necr           0%         N/A       52%         2
 Wereblood                Tmut           0%         N/A       52%         2
 Confusing Touch          Hex            0%         N/A       77%         3
 Lesser Beckoning         Tloc           0%         N/A       77%         3
 Ozocubu's Armour         Ice            0%         N/A       77%         3
 Portal Projectile        Hex/Tloc       0%         N/A       77%         3
 Stone Arrow              Conj/Erth      0%         3d7       77%         3
 Leda's Liquefaction      Hex/Erth       0%         N/A       99%         4
 Manifold Assault         Tloc           0%         N/A       100%        5
 Yara's Violent Unravell  Hex/Tmut       0%         3d3       100%        5
 Enfeeble                 Hex            0%         N/A       100%        7
 Ozocubu's Refrigeration  Ice            0%         4d5       100%        7
 Call Canine Familiar     Summ           Unusable   N/A       N/A         3
 Summon Hydra             Summ           Unusable   N/A       N/A         7

Dungeon Overview and Level Annotations

Branches:
Dungeon (8/15)             Temple (1/1) D:6
   Lair: D:8-11

Altars:
Ashenzari
Cheibriados
Dithmenos
Elyvilon
Fedhas
Gozag
Hepliaklqana
Kikubaaqudgha
Nemelex Xobeh
Okawaru
Qazlal
Ru
Trog
Uskayaw
Vehumet
Wu Jian
Xom
Yredelemnul
Zin
The Shining One

Shops:
D:7 *


Innate Abilities, Weirdness & Mutations

You have a pair of small antennae on your head.
You are partially covered in slimy green scales. (AC +2)
You sometimes emit foul miasma when damaged in melee.
When hurt, damage is shared between your health and your magic reserves.
You regenerate magic rapidly.
Your flesh is cold resistant. (rC+)
Your body sometimes deteriorates upon taking damage.
You are strong-willed. (Will+)
You are weak. (Str -2)


Message History

The gnoll sergeant barely misses you.
Unknown command.
You reach to attack!
You barely miss the gnoll sergeant.
The gnoll sergeant hits you from afar with a +0 spear.
The gnoll sergeant misses you.
Unknown command.
You reach to attack!
You closely miss the gnoll sergeant.
The gnoll sergeant hits you from afar with a +0 spear!
You are too injured to fight recklessly!
You are too injured to fight recklessly!
You are too injured to fight recklessly!
You are too injured to fight recklessly!
You are too injured to fight recklessly!
The gnoll sergeant hits you with a +0 spear!
Things that are here:
a +0 dagger; a +0 robe You hit the gnoll sergeant but do no damage.
The gnoll sergeant hits you with a +0 spear.
You hit the gnoll sergeant but do no damage.
The gnoll sergeant barely misses you. The gnoll sergeant barely misses you.
The gnoll closely misses you.
You are too injured to fight recklessly!
You are too injured to fight recklessly!
You are too injured to fight recklessly!
You completely miss the gnoll. The gnoll sergeant closely misses you.
The gnoll hits you with a +0 halberd.
* * * LOW HITPOINT WARNING * * *
You slice the gnoll!!
You kill the gnoll!
Okawaru accepts your kill.
The gnoll sergeant hits you with a +0 spear!
* * * LOW HITPOINT WARNING * * *
The gnoll sergeant barely misses you.
You barely miss the gnoll sergeant.
The gnoll sergeant hits you with a +0 spear!
* * * LOW HITPOINT WARNING * * *
You slash the gnoll sergeant!
The gnoll sergeant is severely wounded.
The gnoll sergeant hits you with a +0 spear!
You die...

##### #####...#
#.......#### #####
#./......).##.....
#.........<)..#
#........g)).##
##)........@..# #
##..........)..#
#.#.............##
#..............##
#.............##
#.............#
............/.#
#...........#.#
#..........##.#


You could see a gnoll sergeant.

Vanquished Creatures
  Joseph (D:7)
  Maggie (D:6)
  2 wyverns (D:7)
  2 water moccasins (D:6)
  An ice beast (D:7)
  A hornet zombie (D:6)
  2 sky beasts
  2 ogres (D:5)
  A centaur (D:7)
  A phantom (D:6)
  2 kobold brigands
  Blork the orc (D:4)
  2 bullfrogs (D:7)
  3 scorpions (D:4)
  4 wights
  A howler monkey (D:5)
  2 jellies
  7 hounds
  A bullfrog skeleton (D:6)
  4 centaur skeletons
  An orc priest (D:5)
  2 iguanas
  Terence (D:1)
  4 orc wizards
  A hound skeleton (D:5)
  8 gnolls
  4 adders
  A white imp (D:7)
  An adder skeleton (D:5)
  2 worms
  A dart slug (D:2)
  14 orcs
  6 ball pythons
  4 endoplasms
  4 giant cockroaches
  6 goblins
  10 hobgoblins
  5 jackals
  8 bats
  4 frilled lizards
  A jackal skeleton (D:4)
  20 kobolds
  4 rats
  A spectral orc (D:4)
154 creatures vanquished.

Notes
Turn   | Place    | Note
-------+----------+-------------------------------------------
     0 | D:1      | HallandMoats the Demonspawn Fighter began the quest for the
                  | Orb.
     0 | D:1      | Reached XP level 1. HP: 18/18 MP: 1/1
   300 | D:1      | Gained mutation: You regenerate magic rapidly. [demonic
                  | ancestry]
   300 | D:1      | Reached XP level 2. HP: 24/24 MP: 2/2
   356 | D:1      | You fall into a shaft and drop 1 floor!
   385 | D:2      | Reached skill level 1 in Invocations
   672 | D:2      | Gained mutation: When hurt, damage is shared between your
                  | health and your magic reserves. [demonic ancestry]
   672 | D:2      | Reached XP level 3. HP: 27/29 MP: 2/4
   677 | D:2      | Identified the +3 buckler of Zewutal {rPois Dex+2}
   692 | D:2      | Noticed Terence
   739 | D:1      | Killed Terence
   740 | D:1      | Reached skill level 2 in Invocations
  1002 | D:1      | Reached XP level 4. HP: 35/35 MP: 5/5
  1199 | D:1      | Reached skill level 1 in Dodging
  1363 | D:1      | Found a faded altar of an unknown god.
  2818 | D:4      | Noticed Blork the orc
  2833 | D:4      | Killed Blork the orc
  2834 | D:4      | Reached skill level 3 in Invocations
  2834 | D:4      | Gained mutation: You have a pair of small antennae on your
                  | head. [demonic ancestry]
  2834 | D:4      | Reached XP level 5. HP: 15/42 MP: 2/7
  3248 | D:4      | Found a basalt altar of Yredelemnul.
  3318 | D:4      | Gained mutation: You are partially covered in slimy green
                  | scales. (AC +2) [demonic ancestry]
  3318 | D:4      | Reached XP level 6. HP: 28/48 MP: 6/8
  3585 | D:4      | Reached skill level 4 in Invocations
  3710 | D:4      | Found Zin's Purification Station.
  3716 | D:4      | Bought a potion of curing for 90 gold pieces
  3855 | D:4      | Gained mutation: You may rarely emit foul miasma when
                  | damaged in melee. [demonic ancestry]
  3855 | D:4      | Reached XP level 7. HP: 55/55 MP: 10/10
  4040 | D:5      | Entered Level 5 of the Dungeon
  4346 | D:5      | Reached skill level 5 in Invocations
  4525 | D:5      | Reached skill level 5 in Fighting
  4879 | D:5      | Gained mutation: You sometimes emit foul miasma when
                  | damaged in melee. [demonic ancestry]
  4879 | D:5      | Reached XP level 8. HP: 54/62 MP: 10/12
  5623 | D:6      | Found an ancient bone altar of Kikubaaqudgha.
  5651 | D:6      | Reached skill level 6 in Invocations
  5753 | D:6      | Identified the +0 pair of boots "Goamid" {rElec}
  5888 | D:6      | Reached skill level 5 in Polearms
  6272 | D:6      | Noticed Maggie
  6285 | D:6      | HP: 3/64 [poisoned by Maggie]
  6289 | D:6      | Killed Maggie
  6290 | D:6      | Reached skill level 7 in Invocations
  6290 | D:6      | Reached XP level 9. HP: 21/69 MP: 3/14
  6578 | D:6      | Found a staircase to the Ecumenical Temple.
  7132 | Temple   | Entered the Ecumenical Temple
  7318 | Temple   | Became a worshipper of Warmaster Okawaru
  7420 | D:7      | Found a sacrificial altar of Ru.
  7589 | D:7      | Noticed Joseph
  7605 | D:7      | Killed Joseph
  7872 | D:7      | Found the +12 glaive of Prune {vorpal}
  8231 | D:7      | Reached skill level 8 in Invocations
  8356 | D:7      | Found Raudgh's General Store.
  8432 | D:7      | Bought a scroll of identify for 26 gold pieces
  8432 | D:7      | Bought a potion of berserk rage for 65 gold pieces
  8432 | D:7      | Bought a scroll of teleportation for 39 gold pieces
  8528 | D:7      | Reached skill level 5 in Shields
  8528 | D:7      | Gained mutation: You have an increased reservoir of magic.
                  | (+10% MP) [potion of mutation]
  8529 | D:7      | Lost mutation: You have an increased reservoir of magic.
                  | (+10% MP) [potion of mutation]
  8529 | D:7      | Gained mutation: Your body sometimes deteriorates upon
                  | taking damage. [potion of mutation]
  8529 | D:7      | Gained mutation: You are weak. (Str -2) [potion of
                  | mutation]
  8529 | D:7      | Gained mutation: Your flesh is cold resistant. (rC+)
                  | [potion of mutation]
  8529 | D:7      | Gained mutation: You are strong-willed. (Will+) [potion of
                  | mutation]
  9023 | D:8      | Reached * piety under Okawaru
  9035 | D:8      | Slain by a gnoll sergeant

Illustrated notes

Levels and vault maps discovered:
D:1:      ebering_trefoil_twist, layout_loops_cross,
          ebering_ecumenical_altar_hall, minivault_4, minmay_door_square
D:2:      layout_rooms, minmay_hedge_maze, uniq_terence
D:3:      layout_loops_ring, moated_statue
D:4:      minmay_chambers_of_twos, layout_rooms,
          yredelemnul_forgotten_temple_becter, zin_purify, uniq_blork_the_orc
D:5:      layout_basic
D:6:      layout_rooms, mainiacjoe_overflow_six_doors_small, temple_statues,
          serial_curves, eino_curves_04, eino_curves_04, uniq_maggie
D:7:      layout_basic, nicolae_ru_great_annihilating_truth, serial_shops,
          nicolae_shop_advertising_works [nicolae_subvault_shop_adworks],
          item_on_display_a, uniq_joseph
D:8:      layout_rooms, makhleb_grotto_becter, abandoned_shop
Temple:   eino_temple_scatter_basement

Skill      XL: |  1  2  3  4  5  6  7  8  9 |
---------------+----------------------------+-----
Polearms       | 2 3 4 5 6 |  6.2
Invocations    | 1 2 3 4 5 7 8 |  8.5
Dodging        | 1 2 3 4 |  4.0
Shields        | 3 4 5 |  5.0
Armour         | 3 4 |  4.9
Fighting       | 4 5 6 7 |  7.1

Action                   |  1- 3 |  4- 6 |  7- 9 || total
-------------------------+-------+-------+-------++-------
Melee: Trident           |    74 |   236 |   407 ||   717
       Glaive            |       |       |    16 ||    16
  Use: Scroll            |       |     5 |     4 ||     9
       Potion            |       |     1 |     4 ||     5
 Stab: Sleeping          |       |       |     4 ||     4
       Paralysed         |       |       |     1 ||     1
Armor: Scale mail        |    24 |   110 |   117 ||   251
       Steam dragon scal |       |       |    29 ||    29
Dodge: Dodged            |    37 |    92 |   161 ||   290
Block: Buckler           |    21 |   100 |   154 ||   275
